 Dungeon Crawl Stone Soup version 0.25-a0-576-g50b708a (webtiles) character file.

Game seed: 889101116766483903, levelgen mode: deterministic

90 Bapo the Chopper (level 4, -3/39 HPs)
             Began as a Hill Orc Fighter on Mar 1, 2020.
             Engulfed by Ijyb's flame (26 damage)
             ... on level 3 of the Dungeon.
             The game lasted 00:03:34 (1953 turns).

Bapo the Chopper (Hill Orc Fighter)                 Turns: 1953, Time: 00:03:34

Health: -3/39      AC:  6    Str: 19    XL:     4   Next: 56%
Magic:  4/4        EV:  9    Int:  8    God:
Gold:   166        SH:  4    Dex: 10    Spells: 3/3 levels left

rFire    . . .     SeeInvis .   a - +0 war axe
rCold    . . .     Gourm    .   h - +0 buckler
rNeg     . . .     Faith    .   b - +0 scale mail
rPois    .         Spirit   .   (no helmet)
rElec    .         Reflect  .   (no cloak)
rCorr    .         Harm     .   (no gloves)
MR       .....                  (no boots)
Stlth    ..........             (no amulet)
HPRegen  0.13/turn              p - ring of wizardry
MPRegen  0.09/turn              (no ring)

@: no status effects
A: no striking features
a: no special abilities


You were on level 3 of the Dungeon.
You were hungry.

You visited 1 branch of the dungeon, and saw 3 of its levels.

You collected 166 gold pieces.

Inventory:

Hand Weapons
 a - a +0 war axe (weapon)
Armour
 b - a +0 scale mail (worn)
 c - a +0 kite shield
 h - a +0 buckler (worn)
 o - a +0 crystal plate armour
Jewellery
 p - a ring of wizardry (left hand)
Scrolls
 e - a scroll of enchant weapon {unknown}
 g - a scroll of blinking
 j - a scroll of identify
 k - 2 scrolls of magic mapping {unknown}
 q - a scroll of fog {unknown}
 r - a scroll of remove curse {unknown}
 s - a scroll of teleportation {unknown}
 t - a scroll of amnesia {unknown}
Potions
 d - 2 potions of might
 i - a potion of ambrosia
 l - a potion of haste
 m - a potion of heal wounds
 n - a potion of cancellation
Comestibles
 f - 6 rations


   Skills:
 - Level 3.6 Fighting
 + Level 5.8 Axes
 - Level 3.2 Armour
 + Level 3.6 Shields


You had 3 spell levels left.
You didn't know any spells.
Your spell library was empty.

Dungeon Overview and Level Annotations

Branches:
Dungeon (3/15)

Altars:
Cheibriados

Annotations:
D:3 Ijyb


Message History

You see here a quokka corpse.
Found a stone staircase leading up.
You see here a quokka corpse.
s - a scroll labeled DOITEA OMAECHU
Found a leather armour.
Found a stone staircase leading down.
You hear the rusting of a very distant drain.
Found a stone staircase leading up.
t - a scroll labeled JUKHLA PAMED
k - 2 scrolls labeled JAHUGYMORCH (gained 1)
You are feeling hungry.
You hear the brisk rusting of a very distant drain.
Ijyb the Twisted Goblin comes into view.
She is carrying a wand of clouds (6).
Ijyb shouts!
Ijyb screams, "Me stronger than you!"
Ijyb zaps a wand.
Ijyb creates a blast of flame!
You are engulfed in blazing flames.
Ijyb zaps a wand.
Ijyb creates a blast of freezing vapour!
You completely miss Ijyb.
You are engulfed in blazing flames.
Ouch! That really hurt!
You die...

......##### #####
###. ....#......
.. ...######## ..
.....#....### ..
#...##.##.#.######
# .....#.##.#.+
...# .....#.##.#.#
#..#########
.......##...#
#.g....#...#
.......##...#
#.@....#...#
............#
#§§#####...#
............#
#§§§.......#
...##.......#
##########.# .
##.##########
#..........# # #.#
#..#####...# #.#
... #..## #.# ##
##.## #.# #..#


You could see Ijyb.

Vanquished Creatures
  2 adders (D:2)
  A worm (D:3)
  4 dart slugs
  4 leopard geckos (D:1)
  An orc (D:3)
  2 bats
  3 giant cockroaches
  9 goblins
  3 hobgoblins
  6 jackals (D:1)
  A quokka (D:3)
  4 frilled lizards
  A jackal zombie (D:2)
  7 kobolds
  8 rats
56 creatures vanquished.

Notes
Turn   | Place    | Note
-------+----------+-------------------------------------------
     0 | D:1      | Bapo the Hill Orc Fighter began the quest for the Orb.
     0 | D:1      | Reached XP level 1. HP: 19/19 MP: 1/1
    31 | D:1      | Reached skill level 3 in Axes
    48 | D:1      | Reached XP level 2. HP: 15/26 MP: 2/2
   228 | D:1      | Reached skill level 4 in Axes
   639 | D:1      | Reached XP level 3. HP: 27/31 MP: 3/3
  1139 | D:2      | Reached skill level 5 in Axes
  1187 | D:2      | Reached XP level 4. HP: 35/39 MP: 4/4
  1541 | D:3      | Found a snail-covered altar of Cheibriados.
  1949 | D:3      | Noticed Ijyb
  1953 | D:3      | Engulfed by Ijyb's flame

Levels and vault maps discovered:
D:1:      eino_arrival_cavern_e, layout_basic
D:2:      layout_basic, first_ration
D:3:      layout_basic, kennysheep_slug_shrine, serial_co_window_serial,
          co_window_paths_b, co_window_paths_a, co_window_corner_a,
          co_window_paths_a, co_window_of_opportunity_a, co_window_paths_c,
          co_window_2corner, co_window_broadway_c, co_window_of_opportunity_b,
          co_window_corner_ca, co_window_broadway_a, co_window_paths_d,
          glass_columns_a, glass_columns_c, glass_columns_a,
          portal_sewer_entry_e, uniq_ijyb

Skill      XL: |  1  2  3 |
---------------+----------+-----
Axes           | 3 4 5 |  5.8
Fighting       | |  3.6
Armour         | |  3.2
Shields        | |  3.6

Action                   |  1- 3 |  4- 6 || total
-------------------------+-------+-------++-------
Melee: War axe           |   105 |    46 ||   151
  Use: Scroll            |       |     5 ||     5
  Eat: Chunk             |     1 |     2 ||     3
Armor: Scale mail        |    38 |    19 ||    57
Dodge: Dodged            |    47 |    16 ||    63
Block: Kite shield       |    25 |       ||    25
       Buckler           |    10 |     5 ||    15

Table legend:
 A = Non-vault XP
 B = Vault XP
 C = Vault XP percentage of total XP
 D = Non-vault monster count
 E = Vault monster count
 F = Vault count percentage of total count
                 A         B        C        D         E       F
            +---------+---------+-------+---------+---------+-------
      Total |     125 |       4 |   3.1 |      55 |       1 |   1.8
            +---------+---------+-------+---------+---------+-------
        D:1 |      62 |       0 |   0.0 |      33 |       0 |   0.0
        D:2 |      44 |       0 |   0.0 |      14 |       0 |   0.0
        D:3 |      19 |       4 |  17.4 |       8 |       1 |  11.1
            +---------+---------+-------+---------+---------+-------
